 Dungeon Crawl Stone Soup version 0.31-a0-667-g39726597b9 (webtiles) character file.

Game seed: 1150196313231134393

21 Bravepunisher the Ducker (level 2, -3/16 HPs)
             Began as a Spriggan Monk on Sept 3, 2023.
             Was a Believer of Makhleb.
             Slain by a scorpion (7 damage)
             ... on level 5 of the Dungeon.
             The game lasted 00:03:02 (481 turns).

Bravepunisher the Ducker (Spriggan Monk)             Turns: 481, Time: 00:03:02

Health: -3/16      AC:  2    Str:  7    XL:     2   Next: 62%
Magic:  3/3        EV: 19    Int: 11    God:    Makhleb [**....]
Gold:   36         SH:  0    Dex: 17    Spells: 1/1 levels left

rFire   . . .        f - +2 falchion (heavy)
rCold   . . .        d - orb {light}
rNeg    . . .        b - +0 robe
rPois   .            (helmet restricted)
rElec   .            (no cloak)
rCorr   .            (gloves unavailable)
SInv    +            (boots unavailable)
Will    .....        (no amulet)
Stlth   +            (no ring)
HPRegen 0.22/turn    (no ring)
MPRegen 0.08/turn

%: no passive effects
@: lethally poisoned (-3 -> -8), glowing, very quick
A: very small, no large weapons, unfitting armour, see invisible, speed 3
a: Renounce Religion, Minor Destruction


You were on level 5 of the Dungeon.
You worshipped Makhleb.
Makhleb was pleased with you.
You visited 2 branches of the dungeon, and saw 7 of its levels.

You collected 36 gold pieces.

Inventory:

Hand Weapons
 f - a +2 heavy falchion (weapon)
Armour
 b - a +0 robe (worn)
 d - an orb of light (worn)
Potions
 c - a potion of ambrosia
 e - a potion of curing {unknown}


   Skills:
 + Level 2.7 Fighting
 - Level 3.2 Short Blades
 * Level 4.9 Dodging


You had one spell level left.
You didn't know any spells.
Your spell library was empty.

Dungeon Overview and Level Annotations

Branches:
Dungeon (6/15)             Temple (1/1) D:6

Altars:
Cheibriados
Dithmenos
Elyvilon
Fedhas
Hepliaklqana
Makhleb
Okawaru
Ru
Trog
Zin

Annotations:
D:4 Robin


Innate Abilities, Weirdness & Mutations

You are very small and have problems with some larger weapons.
You are too small for most types of armour.
You have supernaturally acute eyesight. (SInv)
You cover ground extremely quickly. (Speed+++)


Message History

Found a staircase to the Ecumenical Temple.
Found a ring mail and a flail.
Found a glowing falchion.
You see here a +0 ring mail.
You see here a +2 heavy falchion.
f - a +2 heavy falchion Why would you want to do that?
You enter the shallow water.
Moving in this stuff is going to be slow.
There is a staircase to the Ecumenical Temple here.
You climb downwards.
Welcome to the Ecumenical Temple!
Found a staircase back to the Dungeon.
There is a staircase back to the Dungeon here.
f - a +2 heavy falchion (weapon)
You drop a +0 short sword.
You open the gate.
Found three altars.
There is an open gate here.
Found an iron altar of Okawaru.
There is a burning altar of Makhleb here.
You kneel at the altar of Makhleb.
Makhleb welcomes you!
You can now gain health from killing.
You can now harness Makhleb's destructive might.
There is an open gate here.
You see here a +0 short sword.
There is a staircase back to the Dungeon here.
You climb upwards.
Welcome back to the Dungeon!
There is a staircase to the Ecumenical Temple here.
You enter the shallow water.
Moving in this stuff is going to be slow.
You see here a +0 ring mail.
There is a stone staircase leading up here.
You climb upwards.
The scorpion stings you.
You are poisoned.
The scorpion poisons you! The scorpion stings you. The jelly misses you.
There is a stone staircase leading down, spattered with blood here.
* * * LOW HITPOINT WARNING * * *
You feel sick. The scorpion stings you!
You die...

## ##.#
##...#
#.....#
.......#####
...........#
.......<#
#J....#J#
##... #@#
##. #s# #
#.# #!# #.#
#.. ... ###


You could see a scorpion and a jelly.

Vanquished Creatures
  An adder (D:6)
  2 dart slugs
  2 orcs (D:3)
  An endoplasm (D:3)
  A rat (D:3)
7 creatures vanquished.

Notes
Turn   | Place    | Note
-------+----------+-------------------------------------------
     0 | D:1      | Bravepunisher the Spriggan Monk began the quest for the
                  | Orb.
     0 | D:1      | Reached XP level 1. HP: 11/11 MP: 2/2
    94 | D:3      | Reached XP level 2. HP: 11/16 MP: 3/3
   149 | D:4      | Noticed Robin
   168 | D:4      | Noticed a phantom
   240 | D:5      | Entered Level 5 of the Dungeon
   276 | D:5      | Noticed a scorpion
   375 | D:6      | Found a staircase to the Ecumenical Temple.
   403 | Temple   | Entered the Ecumenical Temple
   429 | Temple   | Became a worshipper of Makhleb the Destroyer
   429 | Temple   | Reached * piety under Makhleb
   429 | Temple   | Reached ** piety under Makhleb
   481 | D:5      | Slain by a scorpion

Illustrated notes

Levels and vault maps discovered:
D:1:      mainiacjoe_arrival_reflecting_pool, layout_basic, hex_tiny,
          minmay_hexomino_c4
D:2:      layout_basic
D:3:      layout_basic, lemuel_blue_sif_altar
D:4:      layout_loops_ring, minmay_quadrilaterals, uniq_pikel, uniq_robin
D:5:      layout_loops_ring, mainiacjoe_overflow_cross_hatched
D:6:      layout_rooms, temple_pool_b, minmay_misc_feat_five
Temple:   cyrus_temple_forest

Action                     || total
---------------------------++-------
  Melee: Short sword       ||    39
 Armour: Robe              ||    10
  Dodge: Dodged            ||    38

Table legend: (Time is in decaauts)
 A = Elapsed time spent in this place.
 B = Non-inter-level travel time spent in this place.
 C = Inter-level travel time spent in this place.
 D = Time resting spent in this place.
 E = Time spent auto-exploring this place.
 F = Levels seen in this place.
 G = Mean time per level.
                   A        B        C        D        E       F      G
               +--------+--------+--------+--------+--------+-----+--------+
         Total |    345 |    318 |     27 |     59 |     60 |   7 |   49.3 |
       Dungeon |    314 |    297 |     17 |     59 |     60 |   6 |   52.3 |
        Temple |     31 |     21 |     10 |      0 |      0 |   1 |   31.0 |
               +--------+--------+--------+--------+--------+-----+--------+

Top non-repeatable levels by time:
     D:6: 122 daAuts
     D:4: 78 daAuts
     D:3: 75 daAuts
  Temple: 31 daAuts
     D:1: 25 daAuts
     D:2: 6 daAuts
     D:5: 6 daAuts
